[Event "Late-Titled-Tuesday-Blitz-February-06-2024"]
[Site "Chess.com"]
[Date "2024.02.06"]
[Round "6"]
[White "mjelcic"]
[Black "Walter_White_Poland"]
[Result "0-1"]
[WhiteElo "2211"]
[BlackElo "2397"]
[TimeControl "180+1"]
[EndTime "15:06:04 PST"]
[Termination "Walter_White_Poland won by resignation"]

1. c4 e5 2. Nc3 Nc6 3. g3 g6 4.
Bg2 Bg7 5. e4 Nge7 6. Nge2 O-O 7. O-O d6 8. d3 f5 9. f4 a5 10.
Be3 Rb8 11. Qd2 Be6 12. Nd5 Nd4 13. fxe5 Nxe2+ 14. Qxe2 dxe5 15. Bg5 Bxd5 16. exd5 Qd6 17. Rac1 b6 18. b3 c5 19. dxc6 Nxc6 20. Bd5+ Kh8 21.
Bxc6 Qxc6 22. Rce1 Rbe8 23. Be3 f4 24. Bf2 e4 25.
dxe4 f3 26. Qc2 Qe6 27. Kh1 Qh3 28. Rg1 Be5 29. Bxb6 f2 30. Ref1 fxg1=Q+ 31. Rxg1 Rf1 32. Qe2 Ref8 33. c5 R8f2 34. Qxf2 Rxf2 0-1

[Event "Late-Titled-Tuesday-Blitz-February-06-2024"]
[Site "Chess.com"]
[Date "2024.02.06"]
[Round "6"]
[White "only_strong_moves"]
[Black "snowlord"]
[Result "0-1"]
[WhiteElo "2659"]
[BlackElo "2874"]
[TimeControl "180+1"]
[EndTime "15:06:07 PST"]
[Termination "snowlord won by resignation"]

1. e4 c5 2. Nf3 e6 3. d4 cxd4 4.
Nxd4 Nc6 5. Nc3 Qc7 6. f4 Nxd4 7. Qxd4 a6 8. Be3 b5 9. a3 Bb7 10. Be2 Rc8 11. O-O-O Nf6 12. Bf3 Bxa3 13. Rd3 Be7 14. Rd2 Qa5 15. Nb1 O-O 16. g4 Rc4 17. Qd3 Nxe4 18.
Rg2 Rfc8 19. f5 Bd5 20. fxe6 dxe6 21. Rf1 Qa1 22. c3 Nxc3 23. bxc3 Rxc3+ 24. Rc2 Rxc2+ 25. Qxc2 Rxc2+ 26. Kxc2 Qa2+ 27. Kc1 Bxf3 28. Rxf3 Ba3+ 29. Nxa3 Qxa3+ 30. Kd2 Qb2+ 31. Kd3 Qb3+ 32. Ke2 Qc4+ 33. Kf2 Qc2+ 34. Kg3 b4 35. Rf2 Qd3 36. Rd2 Qxe3+ 0-1

[Event "Late-Titled-Tuesday-Blitz-February-06-2024"]
[Site "Chess.com"]
[Date "2024.02.06"]
[Round "6"]
[White "cristianserban1"]
[Black "Adar_07"]
[Result "0-1"]
[WhiteElo "2524"]
[BlackElo "2715"]
[TimeControl "180+1"]
[EndTime "15:06:07 PST"]
[Termination "Adar_07 won by checkmate"]

1. d4 Nf6 2. c4 e6 3. Nf3 Bb4+ 4. Nbd2 b6 5. a3 Bxd2+ 6. Qxd2 Bb7 7. e3 O-O 8. Be2 Ne4 9. Qc2 f5 10. O-O d6 11. b4 Nd7 12. d5 exd5 13. cxd5 Bxd5 14.
Rd1 Bb7 15. Nd4 Ne5 16. f3 Qh4 17. fxe4 Bxe4 18. Qa2+ Kh8 19. Bf3 Ng4 20. h3 Rf6 21. hxg4 fxg4 22. Bxe4 g3 23. Nf3 Qxe4 24. Qd5 Qe8 25. Bb2 Qxe3+ 26. Kf1 Qf2# 0-1

[Event "Late-Titled-Tuesday-Blitz-February-06-2024"]
[Site "Chess.com"]
[Date "2024.02.06"]
[Round "6"]
[White "Der_Balak_3Halak"]
[Black "delqate"]
[Result "1-0"]
[WhiteElo "2518"]
[BlackElo "2355"]
[TimeControl "180+1"]
[EndTime "15:06:09 PST"]
[Termination "Der_Balak_3Halak won by resignation"]

1. Nf3 d5 2. g3 Nf6 3. Bg2 Bf5 4. O-O e6 5. d3 h6 6. Bf4 Bd6 7. Bxd6 cxd6 8. Re1 Bh7 9. Nbd2 O-O 10. e4 dxe4 11.
dxe4 d5 12. Ne5 Nc6 13. Nxc6 bxc6 14. c3 Qb6 15. Qb3 Rfd8 16. Rad1 dxe4 17. Nxe4 Bxe4 18.
Rxd8+ Rxd8 19. Bxe4 Rd2 20. Qxb6 axb6 21. b4 Nxe4 22. Rxe4 Rxa2 23. Rc4 c5 24. bxc5 bxc5 25.
Rxc5 g5 26. Rc8+ Kg7 27. c4 g4 28. c5 Rc2 29. c6 Kf6 30. c7 h5 31. Kg2 Kg7 32. h3 Kh7 33. hxg4 hxg4 34. Kf1 Kg7 35.
Ke1 Kf6 36. Kd1 Rc6 37. Ke2 Ke7 38. Ke3 Kf6 39. Kf4 Rc4+ 40. Ke3 Kf5 41. Kd3 Rc1 42. Kd4 e5+ 43. Kd5 Rd1+ 44. Kc6 Rc1+ 45. Kd7 Rd1+ 46. Ke7 Rc1 47. Kxf7 Ke4 48. Ke6 Rc6+ 49. Kd7 Rc1 50. Rf8 1-0

[Event "Late-Titled-Tuesday-Blitz-February-06-2024"]
[Site "Chess.com"]
[Date "2024.02.06"]
[Round "6"]
[White "kai_nov"]
[Black "BozeKat"]
[Result "1-0"]
[WhiteElo "2300"]
[BlackElo "2002"]
[TimeControl "180+1"]
[EndTime "15:06:10 PST"]
[Termination "kai_nov won on time"]

1. d4 d5 2. c4 e6 3. Nc3 Nf6 4.
cxd5 exd5 5. Bg5 Be7 6. e3 c6 7. Bd3 O-O 8. Qc2 Nbd7 9. Nf3 Re8 10. Bf4 Nf8 11. h3 Ne6 12. Bh2 g6 13. O-O-O Ng7 14.
g4 b5 15. Kb1 Qb6 16. Ne5 a5 17. f4 a4 18. f5 Nd7 19. fxg6 fxg6 20. Bxg6 hxg6 21. Qxg6 c5 22. Qf7+ Kh7 23. Nxd5 Qe6 24. Nc7 Nxe5 25. Qxe6 Nxe6 26. Nxe8 Nc4 27. d5 Ng7 28.
Nc7 Ra7 29. e4 1-0

[Event "Late-Titled-Tuesday-Blitz-February-06-2024"]
[Site "Chess.com"]
[Date "2024.02.06"]
[Round "6"]
[White "lachesisQ"]
[Black "YouShallNotPass001"]
[Result "1-0"]
[WhiteElo "3060"]
[BlackElo "2472"]
[TimeControl "180+1"]
[EndTime "15:06:13 PST"]
[Termination "lachesisQ won by resignation"]

1. e4 e5 2. f4 Bc5 3. Nf3 d6 4. c3 Bb6 5. d4 Nf6 6. fxe5 dxe5 7. Nxe5 O-O 8. Bc4 Nc6 9. Nxc6 bxc6 10. Bg5 Qe8 11.
Bxf6 Qxe4+ 12. Be2 gxf6 13. O-O Bf5 14. Nd2 Qe3+ 15.
Kh1 Bg6 16. Bf3 Rae8 17. Bxc6 Re6 18. Bd5 Re7 19. Nc4 Qg5 20. Bf3 Rfe8 21. b4 Qb5 22. Nxb6 axb6 23. Qd2 c5 24. dxc5 bxc5 25. a4 Qc4 26. b5 Re3 27. b6 Rxc3 28. b7 Rb3 29. a5 Rd3 30. Qf2 Qa6 31. Rfb1 Rb8 32. Qg3 Qa7 33. a6 Rd4 34. Qxb8+ Qxb8 35. a7 Qd8 36. b8=Q Bxb1 37. Qxd8+ Rxd8 38. Rxb1 1-0

[Event "Late-Titled-Tuesday-Blitz-February-06-2024"]
[Site "Chess.com"]
[Date "2024.02.06"]
[Round "6"]
[White "Korchmar_Vasiliy"]
[Black "Durarbayli"]
[Result "0-1"]
[WhiteElo "2732"]
[BlackElo "2918"]
[TimeControl "180+1"]
[EndTime "15:06:15 PST"]
[Termination "Durarbayli won on time"]

1. e4 e6 2. d4 d5 3. e5 c5 4. c3 Nc6 5. Nf3 Bd7 6. Be2 Nge7 7. Na3 cxd4 8. cxd4 Nf5 9. Nc2 Rc8 10. O-O Be7 11.
Bd3 h6 12. Rb1 g5 13. Bxf5 exf5 14. b4 a6 15. Nfe1 f4 16. Nd3 Bf5 17. Rb2 O-O 18.
Nc5 Bxc2 19. Rxc2 Nxb4 20. Rb2 Bxc5 21. dxc5 a5 22. a3 Na6 23. Rxb7 Nxc5 24. Rb5 d4 25. Bb2 d3 26. Qh5 Kh7 27. Rd1 Qd7 28. Rxa5 Qe6 29. h4 Qg6 30. Qxg6+ Kxg6 31. Bd4 Ne6 32. Rxd3 Rfd8 33.
Ra4 g4 34. Rd2 Kf5 35. Bc3 Rxc3 0-1

[Event "Late-Titled-Tuesday-Blitz-February-06-2024"]
[Site "Chess.com"]
[Date "2024.02.06"]
[Round "6"]
[White "manitodeplomo"]
[Black "TheoSlade"]
[Result "1/2-1/2"]
[WhiteElo "2618"]
[BlackElo "2468"]
[TimeControl "180+1"]
[EndTime "15:06:15 PST"]
[Termination "Game drawn by repetition"]

1. d4 d5 2. c4 e6 3. Nf3 a6 4. Bg5 Be7 5. Bxe7 Qxe7 6. e3 Nf6 7. Nc3 O-O 8. Qc2 c5 9. Rd1 Nc6 10. a3 dxc4 11. Bxc4 b5 12. Ba2 cxd4 13. exd4 Bb7 14. O-O Rac8 15. Rfe1 b4 16. axb4 Nxb4 17. Qe2 Nxa2 18.
Nxa2 Nd5 19. Qd2 Rc7 20. Nc3 Nxc3 21. bxc3 Bxf3 22. gxf3 Rfc8 23. Re3 Qg5+ 24. Kh1 a5 25. d5 Rd8 26. d6 Rcd7 27. Rd3 Qxd2 28. R1xd2 a4 29.
c4 Rc8 30. Rd4 e5 31. Re4 f6 32. f4 exf4 33. Rxf4 a3 34. Rfd4 Rc6 35. Ra2 Rcxd6 36.
Rxd6 Rxd6 37. Rxa3 Rd1+ 38. Kg2 Rc1 39. Ra8+ Kf7 40. Ra7+ Kg6 41. Rc7 f5 42. Kg3 Kf6 43. h3 Rc3+ 44. f3 h6 45. h4 g5 46. hxg5+ hxg5 47. Kf2 f4 48. Rc5 Rc2+ 49. Ke1 Kg6 50. Rc8 Rc3 51. Ke2 Rc2+ 52. Ke1 Kh5 53. Rh8+ Kg6 54. Rc8 1/2-1/2

[Event "Late-Titled-Tuesday-Blitz-February-06-2024"]
[Site "Chess.com"]
[Date "2024.02.06"]
[Round "6"]
[White "katharinareinecke"]
[Black "Kostukov_Alex"]
[Result "0-1"]
[WhiteElo "1974"]
[BlackElo "2281"]
[TimeControl "180+1"]
[EndTime "15:06:15 PST"]
[Termination "Kostukov_Alex won by checkmate"]

1. e4 c5 2. Nf3 g6 3. g3 Bg7 4.
Bg2 Nc6 5. O-O Nf6 6. Re1 d6 7. c3 O-O 8. d4 cxd4 9. cxd4 Bg4 10. Be3 Nxe4 11. h3 Bd7 12. Nc3 Nxc3 13. bxc3 Rc8 14. Rc1 d5 15. Bf4 e6 16. Ne5 Nxe5 17.
Bxe5 Bxe5 18. dxe5 Bb5 19. a4 Ba6 20. h4 Qa5 21.
Qb3 Rc5 22. Bf1 Rfc8 23. Bxa6 Qxa6 24. h5 gxh5 25. Qb4 Qc4 26. Qxb7 h4 27. Qe7 hxg3 28.
Qg5+ Kf8 29. Qxg3 Ke8 30. Qg8+ Kd7 31. Qxf7+ Kc6 32. Qxe6+ Kb7 33. Qd7+ Ka8 34. e6 Rg8+ 35. Kh2 Qh4# 0-1

[Event "Late-Titled-Tuesday-Blitz-February-06-2024"]
[Site "Chess.com"]
[Date "2024.02.06"]
[Round "6"]
[White "GiorgianBarbosa"]
[Black "traviscottofficial"]
[Result "0-1"]
[WhiteElo "2478"]
[BlackElo "2679"]
[TimeControl "180+1"]
[EndTime "15:06:16 PST"]
[Termination "traviscottofficial won by checkmate"]

1. c4 Nf6 2. g3 g6 3. Bg2 Bg7 4. e3 O-O 5. Ne2 d5 6. O-O dxc4 7. Na3 c6 8. Nxc4 Nbd7 9. d4 Nb6 10. b3 Re8 11. a4 Nbd5 12. a5 Bg4 13. Qc2 Nb4 14.
Qd2 Na6 15. Nf4 Nc7 16. Ne5 Bf5 17. h3 Ne4 18. Qb4 Nd6 19. g4 Bd7 20. Rd1 Na6 21.
Qe1 e6 22. Ba3 Nb5 23. Bb2 Bf8 24. Nc4 Nb4 25. e4 Nc2 26. Qd2 Nxa1 27. Bxa1 Bg7 28. Qc1 Qg5 29. h4 Qxh4 30. d5 exd5 31. exd5 Bxa1 32.
Qxa1 Qxg4 33. dxc6 Bxc6 34. Nd5 Bxd5 35. Rxd5 Nc7 36.
Rd1 Ne6 37. Nd6 Nf4 38. Qh8+ Kxh8 39. Nxf7+ Kg7 40. Rd7 Qxg2# 0-1

[Event "Late-Titled-Tuesday-Blitz-February-06-2024"]
[Site "Chess.com"]
[Date "2024.02.06"]
[Round "6"]
[White "giomar27"]
[Black "jinbojinbo"]
[Result "1-0"]
[WhiteElo "2453"]
[BlackElo "2619"]
[TimeControl "180+1"]
[EndTime "15:06:16 PST"]
[Termination "giomar27 won by resignation"]

1. Nc3 d5 2. d4 Nf6 3. Bf4 g6 4. e3 Bg7 5. h4 h5 6. Be2 O-O 7. Nf3 c5 8. dxc5 Nbd7 9. O-O Nxc5 10. Ne5 Bf5 11. Nb5 Ne6 12. Bg3 a6 13. Nd4 Nxd4 14. exd4 Rc8 15. c3 Ne4 16. Bf4 e6 17. Nf3 b5 18. g3 Qb6 19. a3 a5 20. Qb3 b4 21.
axb4 axb4 22. Ra4 Bg4 23. Rxb4 Qd8 24. Qd1 Nd6 25. Ne5 Bxe2 26. Qxe2 Nf5 27. Rb7 Bxe5 28. Bxe5 Ra8 29. Kg2 Ra2 30. Qd2 Kh7 31. Qg5 Qxg5 32. hxg5 Kg8 33. Rh1 Ng7 34. f3 Rc8 35. Rb3 Ra7 36.
g4 hxg4 37. fxg4 Ra2 38. Kg3 Ra4 39. Rb7 Ra2 40. Rf1 Rf8 41. Bd6 Rd8 42. Ba3 Rc8 43. Rfxf7 1-0

[Event "Late-Titled-Tuesday-Blitz-February-06-2024"]
[Site "Chess.com"]
[Date "2024.02.06"]
[Round "6"]
[White "giovannibrandao7"]
[Black "HajiyevKanan"]
[Result "0-1"]
[WhiteElo "2239"]
[BlackElo "2609"]
[TimeControl "180+1"]
[EndTime "15:06:19 PST"]
[Termination "HajiyevKanan won by resignation"]

1. e4 c6 2. d4 d5 3. Nc3 a6 4. exd5 cxd5 5. Nf3 Bg4 6. h3 Bh5 7. Be2 Nc6 8. O-O e6 9. Bf4 Bd6 10. Ne5 Bxe2 11. Nxe2 Qc7 12. Re1 Nxe5 13. dxe5 Bxe5 14.
Bxe5 Qxe5 15. Nc3 Qd6 16. Qxd5 Qxd5 17. Nxd5 O-O-O 18. Ne3 Nf6 19. Rad1 h5 20. Kf1 Kc7 21. c3 b5 22. Ke2 Ne4 23. f3 Nc5 24. b3 Nd7 25. c4 b4 26. Nc2 a5 27. Nd4 Nc5 28. Nb5+ Kc6 29. Ke3 e5 30. g4 hxg4 31. hxg4 Rxd1 32.
Rxd1 Rh2 33. Rd6+ Kb7 34. Rd5 Kb6 35. Rd6+ Kb7 36. Rd5 Ne6 37. Rd7+ Kc6 38. Rxf7 Rxa2 39. Re7 Nc5 40. Rxg7 Nxb3 41. Rc7+ Kb6 42. Re7 Rc2 43.
Rxe5 Rxc4 44. Nd6 Rc3+ 45. Kf4 Nc5 46. Re2 b3 47. g5 Rc2 48. Re1 Nd3+ 49. Kf5 Nxe1 0-1

[Event "Late-Titled-Tuesday-Blitz-February-06-2024"]
[Site "Chess.com"]
[Date "2024.02.06"]
[Round "6"]
[White "Mazetovic"]
[Black "KorolDimitriy75"]
[Result "1-0"]
[WhiteElo "2618"]
[BlackElo "2391"]
[TimeControl "180+1"]
[EndTime "15:06:21 PST"]
[Termination "Mazetovic won on time"]

1. e4 c5 2. Nf3 d6 3. Bb5+ Nd7 4. d4 Nf6 5. e5 cxd4 6. Qxd4 dxe5 7. Nxe5 g6 8. Nc3 Bg7 9. Bg5 O-O 10. O-O-O Qa5 11. Nxd7 Nxd7 12. Qa4 Bxc3 13. Qxa5 Bxa5 14. Bxd7 f6 15.
Be3 Rf7 16. c4 e5 17. Rd5 Bxd7 18. Rxa5 a6 19. Rd1 Bc6 20. f3 Rd7 21. Rxd7 Bxd7 22. Rd5 Bc6 23. Rd6 Kf7 24. b4 Rc8 25. Kb2 Rc7 26. Kc3 Rd7 27. Rxd7+ Bxd7 28. Kb3 Ke6 29. a4 f5 30. b5 h5 31. h4 f4 32. Bb6 1-0

[Event "Late-Titled-Tuesday-Blitz-February-06-2024"]
[Site "Chess.com"]
[Date "2024.02.06"]
[Round "6"]
[White "reevecanada"]
[Black "Sokoloco"]
[Result "1-0"]
[WhiteElo "2566"]
[BlackElo "2762"]
[TimeControl "180+1"]
[EndTime "15:06:22 PST"]
[Termination "reevecanada won by checkmate"]

1. e4 d6 2. Nf3 g6 3. d4 Bg7 4.
c4 c5 5. dxc5 Qa5+ 6. Nbd2 Qxc5 7. Bd3 Bg4 8. O-O Nf6 9. b4 Qc7 10. Rb1 Nc6 11. h3 Ne5 12. hxg4 Nxd3 13. g5 Nd7 14. Qe2 Nxc1 15. Rfxc1 O-O 16. g3 h6 17. gxh6 Bxh6 18. Kg2 Kg7 19. Rh1 Rh8 20. Qd3 Bxd2 21.
Nxd2 Ne5 22. Qd4 Rxh1 23. Rxh1 f6 24. f4 Nc6 25. Qg1 Nxb4 26. Qh2 Rg8 27. Qh7+ Kf8 28. Rh6 Qa5 29. Nf3 Qxa2+ 30. Kh3 Qe2 31. Nh4 Rg7 32. Nxg6+ Kf7 33. Nh8+ Kf8 34. Ng6+ Kf7 35. Qh8 Rxg6 36. Rh7+ Ke6 37. Qc8# 1-0

[Event "Late-Titled-Tuesday-Blitz-February-06-2024"]
[Site "Chess.com"]
[Date "2024.02.06"]
[Round "6"]
[White "Englishman_18"]
[Black "EsmeraldasAnderson03"]
[Result "1-0"]
[WhiteElo "2267"]
[BlackElo "2387"]
[TimeControl "180+1"]
[EndTime "15:06:22 PST"]
[Termination "Englishman_18 won on time"]

1. Nf3 d5 2. g3 c5 3. Bg2 Nf6 4. O-O h6 5. c4 Nc6 6. b3 e6 7. Bb2 Be7 8. e3 O-O 9. Qe2 b6 10. Rd1 Bb7 11. d4 Rc8 12. cxd5 exd5 13. Nc3 Rc7 14. Rac1 Qa8 15. dxc5 bxc5 16. Na4 Nb4 17. a3 Ba6 18. Qd2 Nd3 19. Rc2 Ne4 20. Qa5 Qb7 21. Ne1 Nxb2 22. Rxb2 Bf6 23. Rbb1 Be2 24. Bxe4 dxe4 25. Rd2 Qa6 26. Qxa6 Bxa6 27. Rc1 Rfc8 28. Rdc2 Be7 29. b4 c4 30. Nc3 Bb7 31.
Rd2 1-0

[Event "Late-Titled-Tuesday-Blitz-February-06-2024"]
[Site "Chess.com"]
[Date "2024.02.06"]
[Round "6"]
[White "maurovargas01"]
[Black "Iuckyducky"]
[Result "0-1"]
[WhiteElo "1898"]
[BlackElo "2263"]
[TimeControl "180+1"]
[EndTime "15:06:23 PST"]
[Termination "Iuckyducky won on time"]

1. e4 c6 2. Nc3 d5 3. d3 Nf6 4.
Qe2 Bg4 5. f3 Bh5 6. e5 Nfd7 7.
h4 h6 8. g4 Bg6 9. h5 Bh7 10.
e6 Nf6 11. exf7+ Kxf7 12. Nh3 Nbd7 13. Nf4 e5 14. Nh3 Bd6 15. Bd2 Re8 16. O-O-O Kg8 17. Rg1 Bc5 18. Rg2 Qe7 19. g5 hxg5 20. Rxg5 Qf7 21.
Qg2 Nxh5 22. Be2 Ndf6 23. Rg1 d4 24. Ne4 Bxe4 25. fxe4 Qxa2 26. Rxg7+ Kh8 27. Kd1 Rg8 28. Bxh5 Nxh5 0-1

[Event "Late-Titled-Tuesday-Blitz-February-06-2024"]
[Site "Chess.com"]
[Date "2024.02.06"]
[Round "6"]
[White "StellarChess"]
[Black "CFalcons8"]
[Result "1-0"]
[WhiteElo "2563"]
[BlackElo "2369"]
[TimeControl "180+1"]
[EndTime "15:06:25 PST"]
[Termination "StellarChess won by resignation"]

1. d4 Nf6 2. Bg5 d5 3. Bxf6 exf6 4. e3 c5 5. c4 dxc4 6. Bxc4 cxd4 7. exd4 Nc6 8. Nf3 Bb4+ 9. Nc3 O-O 10. O-O Bg4 11. d5 Ne5 12. Be2 Bxf3 13. Bxf3 Bxc3 14. bxc3 Qd6 15. g3 Rac8 16. Rc1 Rc5 17. Bg2 Rfc8 18. Qd2 Nc4 19. Qe2 Qe5 20. Qd3 Nb2 21. Qb1 Na4 22. Qxb7 Nxc3 23. Rce1 Qb8 24. Qxb8 Rxb8 25. d6 Rd8 26.
Re7 a5 27. Bh3 f5 28. Rfe1 Ne4 29. Bxf5 Nxd6 30. Rd1 Kf8 31. Rd7 Rxd7 32. Bxd7 Ke7 33. Ba4 Rc4 34. Bb3 Rc5 35. Re1+ Kf6 36. Rd1 Nf5 37. Rd7 Ne7 38. h4 Re5 39. Kg2 h6 40. Ra7 g5 41. h5 Kg7 42. f4 gxf4 43.
gxf4 Rxh5 44. Rxe7 Rf5 45. Kg3 h5 46. Re5 h4+ 47. Kg4 Rf6 48. Rg5+ Kf8 49. Rh5 Rg6+ 50. Kxh4 Rg1 51. Rxa5 1-0

[Event "Late-Titled-Tuesday-Blitz-February-06-2024"]
[Site "Chess.com"]
[Date "2024.02.06"]
[Round "6"]
[White "ural58"]
[Black "The_Straightforward_Rook"]
[Result "1-0"]
[WhiteElo "2478"]
[BlackElo "2419"]
[TimeControl "180+1"]
[EndTime "15:06:25 PST"]
[Termination "ural58 won by checkmate"]

1. e4 c6 2. Nc3 d5 3. Nf3 dxe4 4. Nxe4 Nf6 5. Qe2 Nxe4 6. Qxe4 Qd5 7. Qf4 Qf5 8. Qe3 Qxc2 9. Bd3 Qa4 10. O-O e6 11. b3 Qa5 12. Bb2 Nd7 13. Rfe1 Nf6 14. Ne5 Be7 15.
Nc4 Qh5 16. h3 O-O 17. g4 Qh4 18. Kg2 Nd5 19. Qe4 f5 20. gxf5 exf5 21. Qxh4 Bxh4 22. Be5 f4 23. Bd6 f3+ 24. Kg1 Rd8 25. Bg3 Bxg3 26. fxg3 Bxh3 27. Kf2 Bg2 28. Be4 Nb6 29. d3 Nxc4 30.
bxc4 Rd6 31. Rab1 b6 32. c5 bxc5 33. Rb7 Rad8 34. Rc1 Rxd3 35. Bxd3 Rxd3 36. Rc2 c4 37. Rxa7 Rd1 38. Rb2 Rf1+ 39. Ke3 Re1+ 40. Kf4 Re2 41. Rb8+ Re8 42. Rxe8# 1-0

[Event "Late-Titled-Tuesday-Blitz-February-06-2024"]
[Site "Chess.com"]
[Date "2024.02.06"]
[Round "6"]
[White "Malev212"]
[Black "Elsa167"]
[Result "0-1"]
[WhiteElo "2671"]
[BlackElo "2893"]
[TimeControl "180+1"]
[EndTime "15:06:26 PST"]
[Termination "Elsa167 won on time"]

1. e4 e6 2. d4 d5 3. Nc3 Bb4 4. e5 c5 5. Bd2 Ne7 6. Nb5 Bxd2+ 7. Qxd2 O-O 8. c3 Nbc6 9. f4 Qb6 10. Nf3 Bd7 11. h4 Nxe5 12. fxe5 Bxb5 13. Bxb5 Qxb5 14. h5 h6 15. g4 f6 16. O-O-O Nc6 17. Rh3 cxd4 18. Nxd4 Nxd4 19. Qxd4 Qc4 20. Qxc4 dxc4 21. Rd6 fxe5 22. Re3 Rf1+ 23. Kc2 Raf8 24. Rxe5 Rg1 25. Rexe6 Rxg4 26. Re2 Rf5 27. Rd7 b5 28. Rxa7 Rxh5 29. a4 bxa4 30. Rxa4 Rhg5 31. Kd2 h5 32. b4 cxb3 33.
Ra8+ Kh7 34. Rb8 Rg2 35. Rxb3 h4 36. c4 Rxe2+ 37. Kxe2 Rg2+ 38. Kf3 Rg3+ 0-1

[Event "Late-Titled-Tuesday-Blitz-February-06-2024"]
[Site "Chess.com"]
[Date "2024.02.06"]
[Round "6"]
[White "Payyappat"]
[Black "mr_gustavo"]
[Result "1/2-1/2"]
[WhiteElo "2531"]
[BlackElo "2694"]
[TimeControl "180+1"]
[EndTime "15:06:27 PST"]
[Termination "Game drawn by repetition"]

1. e4 e6 2. d4 d5 3. Nc3 dxe4 4. Nxe4 Bd7 5. Nf3 Bc6 6. Bd3 Nd7 7. O-O Ngf6 8. Nxf6+ Nxf6 9. c3 Bxf3 10. Qxf3 c6 11.
Bg5 Be7 12. Rfe1 O-O 13. Qg3 Re8 14. Qh4 g6 15. f4 Nd5 16. Kh1 Qc7 17. c4 Nb6 18.
Re3 Rad8 19. Rh3 h5 20. g4 Qxf4 21. Bxf4 Bxh4 22. Rxh4 Rxd4 23. gxh5 Rxd3 24. Rg1 Nxc4 25. b3 Nb6 26. hxg6 f6 27. Rh7 Nd5 28. Bh6 Rh3 29. Rg7+ Kh8 30. Rh7+ Kg8 31. Rg7+ Kh8 32. Rh7+ Kg8 1/2-1/2

[Event "Late-Titled-Tuesday-Blitz-February-06-2024"]
[Site "Chess.com"]
[Date "2024.02.06"]
[Round "6"]
[White "igorknyazev"]
[Black "FredddieCroderg"]
[Result "1-0"]
[WhiteElo "2174"]
[BlackElo "2369"]
[TimeControl "180+1"]
[EndTime "15:06:29 PST"]
[Termination "igorknyazev won on time"]

1. e4 c6 2. d4 d5 3. Nc3 dxe4 4.
Nxe4 Nf6 5. Nxf6+ exf6 6. Nf3 Bd6 7. Bc4 O-O 8. Be3 Bg4 9. h3 Bh5 10. g4 Bg6 11. Qd2 Be4 12. Be2 Nd7 13. Rg1 Nb6 14.
b3 Nd5 15. c3 a5 16. a3 b5 17.
g5 f5 18. Ne5 b4 19. c4 Nc3 20. f3 Nxe2 21. Qxe2 Bxe5 22. fxe4 Bxd4 23. Rd1 c5 24.
exf5 bxa3 25. f6 g6 26. Bxd4 cxd4 27. Qg4 Re8+ 28. Kd2 Qd6 29. Kc2 Qb4 30. Rxd4 Re2+ 31. Qxe2 a4 32. Qd3 Re8 33. Rd1 axb3+ 34. Qxb3 Re2+ 35. R4d2 Qa5 36. Rxe2 1-0

[Event "Late-Titled-Tuesday-Blitz-February-06-2024"]
[Site "Chess.com"]
[Date "2024.02.06"]
[Round "6"]
[White "ChessLover0108"]
[Black "iwanyu"]
[Result "1-0"]
[WhiteElo "3014"]
[BlackElo "2826"]
[TimeControl "180+1"]
[EndTime "15:06:31 PST"]
[Termination "ChessLover0108 won by checkmate"]

1. g3 d5 2. Bg2 c6 3. d3 h6 4.
Nd2 Bf5 5. c4 e6 6. cxd5 cxd5 7.
Ngf3 Nc6 8. O-O Nf6 9. b3 Be7 10.
Bb2 O-O 11. Rc1 Bd6 12. Re1 Bg6 13. a3 a5 14. Nb1 e5 15. Nc3 e4 16. dxe4 dxe4 17.
Nd4 Bxg3 18. Nxc6 Bxf2+ 19. Kxf2 Ng4+ 20. Kg1 Qh4 21. Ne7+ Kh7 22. Qd6 Qf2+ 23. Kh1 Qe3 24. Nd1 Qg5 25. h3 Rad8 26. Qg3 Qxe7 27. hxg4 Rd5 28.
Ne3 Rg5 29. Rc7 Qe6 30. Qf4 f6 31. Rd1 Qxb3 32. Ba1 h5 33. Rxg7+ Kxg7 34. Qxg5 Rf7 35. Nf5+ Kh8 36. Rd8+ Kh7 37. Qh6# 1-0

[Event "Late-Titled-Tuesday-Blitz-February-06-2024"]
[Site "Chess.com"]
[Date "2024.02.06"]
[Round "6"]
[White "lucliasco"]
[Black "Levanzovsky"]
[Result "1-0"]
[WhiteElo "2880"]
[BlackElo "2553"]
[TimeControl "180+1"]
[EndTime "15:06:31 PST"]
[Termination "lucliasco won by resignation"]

1. e4 c5 2. Nc3 Nc6 3. Bb5 Nd4 4.
Nf3 a6 5. Bd3 Nc6 6. O-O e6 7. Re1 g5 8. g3 h5 9. e5 g4 10. Nh4 Bg7 11. f4 gxf3 12. Nxf3 d5 13.
exd6 Qxd6 14. Be4 Nf6 15. d4 Nxd4 16. Bf4 Qd8 17. Be5 O-O 18. Nxd4 cxd4 19. Qxd4 Qxd4+ 20. Bxd4 Nxe4 21. Bxg7 Kxg7 22. Nxe4 Bd7 23. Rad1 Bc6 24.
Ng5 Rad8 25. Kf2 Kf6 26. Nh7+ Ke7 27. Nxf8 Rxf8 28. Re5 h4 29. gxh4 Rh8 30. h5 f6 31.
Rc5 f5 32. Rd4 Rxh5 33. h4 Kf6 34. a4 Rh8 35. a5 Rg8 36. b4 Rg2+ 37. Kf1 Rh2 38.
Rxc6 bxc6 39. Rc4 Ke5 40. Rxc6 f4 41. Rxa6 f3 42. b5 Rxc2 43. Rc6 Rb2 44. b6 Kf5 45. a6 e5 46. a7 e4 47. a8=Q Rb1+ 48. Kf2 Rb2+ 49.
Ke3 1-0

[Event "Late-Titled-Tuesday-Blitz-February-06-2024"]
[Site "Chess.com"]
[Date "2024.02.06"]
[Round "6"]
[White "FrenchHarvey"]
[Black "DanielDardha2005"]
[Result "0-1"]
[WhiteElo "2684"]
[BlackElo "2911"]
[TimeControl "180+1"]
[EndTime "15:06:32 PST"]
[Termination "DanielDardha2005 won by resignation"]

1. e4 e5 2. Nf3 Nc6 3. Bb5 a6 4. Ba4 d6 5. Bxc6+ bxc6 6. d4 exd4 7. Nxd4 c5 8. Ne2 g6 9. Bd2 Bg7 10. Bc3 Nf6 11. e5 Ne4 12. exd6 Nxc3 13. Nbxc3 cxd6 14. O-O Rb8 15. b3 O-O 16. Nd5 Bxa1 17. Qxa1 f6 18. Nef4 Rb7 19. c4 Rbf7 20. h3 Re8 21. Rd1 Bb7 22. Qc3 Re5 23. Qd3 g5 24. Nh5 Bxd5 25. cxd5 Qc8 26. f4 gxf4 27. Nxf4 Qf5 28. Qg3+ Rg7 29.
Qf3 Qe4 30. Qxe4 Rxe4 31. Nh5 Rg6 32. Kf2 Kf7 33. g4 Rg5 34. Kg3 f5 35. Rf1 Ke7 36. Kh4 Rg6 37. Ng3 Re5 38. Nxf5+ Kd7 39. Ng3 Ke8 40.
Nh5 Ke7 41. Rd1 Rg8 42. Ng3 a5 43. Nf5+ Kd7 44. Kg3 Rxf5 0-1

[Event "Late-Titled-Tuesday-Blitz-February-06-2024"]
[Site "Chess.com"]
[Date "2024.02.06"]
[Round "6"]
[White "Teidi96"]
[Black "Vasily85"]
[Result "1-0"]
[WhiteElo "2356"]
[BlackElo "2495"]
[TimeControl "180+1"]
[EndTime "15:06:33 PST"]
[Termination "Teidi96 won on time"]

1. e4 c5 2. Nf3 Nc6 3. d4 cxd4 4. Nxd4 g6 5. c4 Nf6 6. Nc3 d6 7. Be2 Nxd4 8. Qxd4 Bg7 9. Qe3 O-O 10. O-O a5 11. Rd1 Qc7 12. Rb1 Bd7 13. b3 Bc6 14. Bb2 Rfc8 15. a3 Nd7 16. b4 axb4 17. axb4 b6 18.
Ra1 Rxa1 19. Rxa1 Ra8 20. Rxa8+ Bxa8 21. Nb5 Qc8 22. Bxg7 Kxg7 23. Qc3+ Kg8 24. f3 Qa6 25. Qb2 Qa4 26. Nc3 Qa7 27. Kf1 Ne5 28. Qa2 Qxa2 29. Nxa2 Bc6 30. Nc3 e6 31. Kf2 Kf8 32. Ke3 g5 33. g3 Ke7 34. f4 gxf4+ 35. gxf4 Ng6 36. b5 Bb7 37. Na4 e5 38. f5 Nf4 39. Bf1 Kf6 40.
Nxb6 Kg5 41. c5 dxc5 42. Nd7 Kg4 43. Nxe5+ Kg5 44. Nxf7+ Kg4 45. Nd6 Ba8 46. b6 1-0

[Event "Late-Titled-Tuesday-Blitz-February-06-2024"]
[Site "Chess.com"]
[Date "2024.02.06"]
[Round "6"]
[White "platy3"]
[Black "nihalsarin"]
[Result "0-1"]
[WhiteElo "2946"]
[BlackElo "3113"]
[TimeControl "180+1"]
[EndTime "15:06:35 PST"]
[Termination "nihalsarin won on time"]

1. e4 c6 2. d4 d5 3. e5 Bf5 4. Nd2 e6 5. Nb3 a6 6. Nf3 c5 7.
dxc5 Bxc5 8. Nxc5 Qa5+ 9. c3 Qxc5 10. Nd4 Ne7 11. Be2 O-O 12. Be3 Qc7 13. f4 Be4 14. O-O Nbc6 15. Bd3 Nxd4 16. Bxe4 dxe4 17. Qxd4 Qc6 18.
Qd6 Nf5 19. Qxc6 bxc6 20. Kf2 h5 21. Rfd1 Rfd8 22. c4 a5 23. b3 Rdb8 24. Bc5 Kh7 25. g3 Kg6 26. Re1 e3+ 27. Kf3 Rd8 28. Rad1 f6 29.
Bxe3 fxe5 30. fxe5 Rf8 31. Ke4 Rf7 32. Bc5 Kg5 33.
Rd3 Kg4 34. Red1 g5 35. Rd7 Rxd7 36. Rxd7 Kh3 37. Rc7 Kxh2 38. Rxc6 Nxg3+ 39. Ke3 Kg2 40. Rxe6 h4 41. Rg6 h3 0-1